 Dungeon Crawl Stone Soup version 0.29-a0-352-g0917bc69df (webtiles) character file.

Game seed: 6527824280375167495

855 sokol815 the Sneak (level 8, -8/49 (54) HPs)
             Began as an Octopode Fire Elementalist on Apr 24, 2022.
             Was an Initiate of Gozag.
             Mangled by Edmund
             ... wielding a +2 dire flail of draining
              (14 damage)
             ... on level 6 of the Dungeon.
             The game lasted 00:09:37 (7577 turns).

sokol815 the Sneak (Octopode Fire Elementalist)     Turns: 7577, Time: 00:09:38

HP:   -8/49 (54)    AC:  1    Str: 13    XL:     8   Next: 1%
MP:   20/20         EV: 13    Int: 20    God:    Gozag
Gold: 288           SH:  5    Dex: 12    Spells: 10/11 levels left

rFire   . . .      SeeInvis .   a - +1 war axe
rCold   . . .      Faith    .   (no shield)
rNeg    . . .      Spirit   .   (helmet restricted)
rPois   .          Reflect  +   e - amulet of reflection
rElec   .          Harm     .   W - ring of willpower
rCorr   .          Rampage  .   f - ring of magical power {MP+9}
Will    +....                   h - +6 ring of strength
Stlth   +++++.....              (no ring)
HPRegen 0.16/turn               (no ring)
MPRegen 0.17/turn               (no ring)
                                (no ring)
                                (no ring)

@: drained
A: almost no armour, amphibious, 8 rings, camouflage 1, gelatinous body 1,
(nimble swimmer 1), tentacles
a: Renounce Religion, Potion Petition, Call Merchant, Bribe Branch


You were on level 6 of the Dungeon.
You worshipped Gozag.
Gozag was aware of your devotion.
You visited 2 branches of the dungeon, and saw 7 of its levels.

You collected 359 gold pieces.
You paid 71 gold pieces to Gozag.

Inventory:

Hand Weapons
 a - a +1 war axe (weapon)
   (You found it on level 4 of the Dungeon)
 b - the +6 falchion of Dishonour {vamp, +Blink rN++ Str-5 Dex-3}
   (You found it on level 5 of the Dungeon)

   It occasionally heals its wielder for a portion of the damage dealt when it
   wounds a living foe.
   Str:       It affects your strength (-5).
   Dex:       It affects your dexterity (-3).
   rN:        It greatly protects you from negative energy.
   +Blink:    It lets you blink.
 g - a +0 dagger of holy wrath
   (You took it off a goblin on level 2 of the Dungeon)
 i - a +0 hand axe
   (You took it off an orc on level 3 of the Dungeon)
 n - a +0 spear
   (You found it on level 1 of the Dungeon)
Missiles
 d - 3 silver boomerangs
 s - 281 stones
Jewellery
 e - an amulet of reflection (around mantle)
   (You found it on level 1 of the Dungeon)
 f - a ring of magical power (right tentacle) {MP+9}
   (You found it on level 4 of the Dungeon)
 h - a +6 ring of strength (on tentacle)
   (You found it on level 4 of the Dungeon)
 W - a ring of willpower (left tentacle)
   (You found it on level 4 of the Dungeon)
Wands
 j - a wand of polymorph (8)
   (You found it on level 5 of the Dungeon)
Scrolls
 c - a scroll of identify {@r1}
 S - a scroll of summoning
 Y - 3 scrolls of teleportation {@r3}
Potions
 H - a potion of haste
 J - 2 potions of curing {@q1}
 M - a potion of magic
 N - 2 potions of heal wounds {@q2}
 P - a potion of lignification {!q}


   Skills:
 - Level 4.0 Fighting
 * Level 5.3(5.4) Axes
 - Level 0.5(3.3) Polearms
 - Level 2.0 Dodging
 + Level 7.8 Stealth
 - Level 2.0 Spellcasting
 - Level 1.0 Conjurations
 - Level 3.0 Fire Magic


You had 10 spell levels left.
You knew the following spells:

 Your Spells              Type           Power      Damage    Failure   Level
a - Foxfire               Conj/Fire      40%        2x1d6     7%          1

Your spell library contained the following spells:

 Spells                   Type           Power      Damage    Failure   Level
 Scorch                   Fire           28%        2d6       7%          2
 Beastly Appendage        Tmut           4%         N/A       16%         1
 Conjure Flame            Conj/Fire      10%        6-21      21%         3
 Ensorcelled Hibernation  Hex/Ice        4%         N/A       24%         2
 Wereblood                Tmut           2%         N/A       24%         2
 Inner Flame              Hex/Fire       8%         N/A       26%         3
 Spider Form              Tmut/Pois      2%         N/A       43%         3
 Flame Wave               Conj/Fire      10%        2d5       56%         4
 Anguish                  Hex/Necr       1%         N/A       83%         4


Dungeon Overview and Level Annotations

Branches:
Dungeon (6/15)             Temple (1/1) D:5

Altars:
Ashenzari
Dithmenos
Elyvilon
Fedhas
Gozag
Makhleb
Nemelex Xobeh
Ru
Sif Muna
Trog
Uskayaw
Wu Jian
Xom
Yredelemnul
Zin
The Shining One

Shops:
D:2 (

Annotations:
D:5 exclusions: ice beast and 2 jellies, Sigmund
D:6 Edmund


Innate Abilities, Weirdness & Mutations

You cannot wear most types of armour.
You are amphibious.
You can wear up to eight rings at the same time.
Your skin changes colour to match your surroundings (Stealth+).
Your rubbery body absorbs attacks. (AC +1, EV +1)
((You are camouflaged when in or above water. (Stealth+)))
You have tentacles for arms and can constrict up to eight enemies at once.


Message History

You hit the gnoll shaman. You squeeze the gnoll shaman.
You constrict the gnoll shaman.
You kill the gnoll shaman!
The gnoll is no longer distracted by gold.
Things that are here:
5 gold pieces; a +0 whip; a +0 robe You hit the gnoll.
The gnoll is no longer distracted by gold.
You grab the gnoll. You constrict the gnoll.
The gnoll is no longer distracted by gold.
The gnoll hits you from afar with a +0 halberd!
The gnoll barely misses you.
You take 10 damage, and have 20/48 hp.
MASSIVE DAMAGE!!
You slash the gnoll!
You kill the gnoll!
The gnoll barely misses you. You block the gnoll's attack.
The gnoll is distracted by your dazzling golden aura.
The gnoll is no longer distracted by gold.
The gnoll is distracted by your dazzling golden aura.
The gnoll is no longer distracted by gold.
There is an open door here.
You conjure some foxfire!
The gnoll misses you.
You now have 18/19 mp.
The foxfire hits the gnoll.
MP restored: 19 You block the gnoll's attack.
You hit the gnoll. You grab the gnoll. You constrict the gnoll.
You block the gnoll's attack.
You hit the gnoll. You constrict the gnoll. The gnoll completely misses you.
You slash the gnoll!
You kill the gnoll!
You have reached level 8!
You regained 4 hp, and now have 31/54 hp.
MP restored: 20 You now have 217 gold pieces (gained 3).
You see here a +0 halberd.
You start resting.
A gnoll is nearby!
You regained 9 hp, and now have 40/54 hp.
You barely miss the gnoll.
The gnoll shouts!
You grab the gnoll. You constrict the gnoll.
The gnoll hits you with a +0 halberd.
You take 2 damage, and have 39/54 hp.
You slash the gnoll!
You kill the gnoll!
No target in view!
No target in view!
You now have 223 gold pieces (gained 6).
You see here a +0 halberd.
Found a stone staircase leading up.
Health restored: 54
There is a stone staircase leading up here.
Found an escape hatch in the ceiling.
You open the door.
There is an open door here.
S - a scroll of summoning
c - a scroll of identify {@r1} You don't have any unidentified items.
You now have 229 gold pieces (gained 6).
You see here a +0 halberd.
You now have 243 gold pieces (gained 14).
Things that are here:
a +0 hand axe; a +0 scale mail You now have 261 gold pieces (gained 18).
Things that are here:
a +0 hand axe; a +0 war axe; a +0 leather armour You now have 269 gold pieces (gained 8).
d - 3 silver boomerangs You see here a +0 flail.
You now have 274 gold pieces (gained 5).
Things that are here:
a +0 whip; a +0 robe You now have 288 gold pieces (gained 14).
Edmund the Younger comes into view.
He is wielding a +2 dire flail of draining and carrying a wand of flame (5).
No reachable target in view!
Edmund closely misses you.
You barely miss Edmund. You grab Edmund. You squeeze Edmund, but do no damage.
You constrict Edmund, but do no damage.
Edmund hits you with a +2 dire flail of draining!
You feel drained.
You take 14 damage, and have 40/52 hp.
MASSIVE DAMAGE!!
You hit Edmund. You squeeze Edmund. You constrict Edmund.
Edmund hits you with a +2 dire flail of draining!
You feel drained.
You take 10 damage, and have 30/51 hp.
You slash Edmund! You squeeze Edmund. You constrict Edmund.
Edmund hits you with a +2 dire flail of draining!
* * * LOW HITPOINT WARNING * * *
You feel drained.
* * * LOW HITPOINT WARNING * * *
Edmund completely misses you.
You take 24 damage, and have 6/49 hp.
MASSIVE DAMAGE!!
You hit Edmund but do no damage. You constrict Edmund.
Edmund hits you with a +2 dire flail of draining!
You die...
Your body crumbles into a pile of gold.

#....... .###.. #.......
...... #.....)) .....
#.....). .... #.....).
#.. #.......
#..##########.......
..###...................
.......@################
......@.# ........#
..###...# . #...# #...#
....# .....#


You could see Edmund.

Vanquished Creatures
  An ice beast (D:6)
  A bullfrog (D:6)
  2 scorpions
  4 hounds
  A jelly (D:4)
  An orc priest (D:5)
  A gnoll shaman (D:6)
  3 iguanas
  An orc wizard (D:4)
  7 gnolls
  9 adders
  An ufetubus (D:5)
  A worm (D:3)
  3 dart slugs (D:4)
  11 orcs
  3 endoplasms
  7 giant cockroaches
  10 goblins
  8 hobgoblins
  10 jackals
  2 quokkas
  5 ball pythons
  10 bats
  2 frilled lizards
  6 kobolds
  3 rats
113 creatures vanquished.

Vanquished Creatures (others)
  12 foxfires
12 creatures vanquished.

Grand Total: 125 creatures vanquished

Notes
Turn   | Place    | Note
-------+----------+-------------------------------------------
     0 | D:1      | sokol815 the Octopode Fire Elementalist began the quest for
                  | the Orb.
     0 | D:1      | Reached XP level 1. HP: 11/11 MP: 3/3
    45 | D:1      | Reached skill level 1 in Fighting
   178 | D:1      | Reached XP level 2. HP: 18/18 MP: 5/5
   375 | D:1      | Reached skill level 2 in Fighting
   738 | D:1      | Reached XP level 3. HP: 19/25 MP: 6/6
  1149 | D:2      | Found a blossoming altar of Fedhas.
  1357 | D:1      | Reached skill level 3 in Fighting
  1740 | D:2      | Found Rino's Weapon Shoppe.
  1912 | D:2      | Reached XP level 4. HP: 31/31 MP: 7/7
  2551 | D:3      | Reached skill level 4 in Fighting
  2811 | D:3      | Reached skill level 3 in Stealth
  2942 | D:3      | Found a glowing silver altar of Zin.
  3313 | D:4      | Reached XP level 5. HP: 37/37 MP: 8/8
  3319 | D:4      | Reached skill level 1 in Axes
  3505 | D:3      | Reached skill level 4 in Stealth
  3742 | D:4      | Reached skill level 2 in Axes
  4122 | D:4      | Reached skill level 5 in Stealth
  4122 | D:4      | Reached XP level 6. HP: 38/43 MP: 9/9
  4484 | D:4      | Reached skill level 3 in Axes
  4666 | D:4      | Found a shimmering blue altar of Sif Muna.
  4901 | D:5      | Entered Level 5 of the Dungeon
  5033 | D:5      | Reached skill level 6 in Stealth
  5077 | D:5      | Found a shimmering altar of Xom.
  5080 | D:5      | Found a shimmering altar of Xom.
  5083 | D:5      | Noticed an ice beast
  5185 | D:5      | Reached XP level 7. HP: 45/48 MP: 10/10
  5392 | D:5      | Found a staircase to the Ecumenical Temple.
  5400 | Temple   | Entered the Ecumenical Temple
  5665 | Temple   | Became a worshipper of Gozag Ym Sagoz the Greedy
  5964 | D:5      | Reached skill level 4 in Axes
  5973 | D:5      | Reached skill level 7 in Stealth
  6382 | D:5      | Identified the +6 falchion of Dishonour {vamp, +Blink rN++
                  | Str-5 Dex-3}
  6432 | D:5      | Noticed Sigmund
  7295 | D:6      | HP: 9/48 [gnoll shaman/+0 whip (8)]
  7296 | D:6      | Reached skill level 5 in Axes
  7350 | D:6      | Reached XP level 8. HP: 31/54 MP: 11/11
  7571 | D:6      | Noticed Edmund
  7576 | D:6      | HP: 6/49 [Edmund/+2 dire flail of draining (7)]
  7577 | D:6      | Mangled by Edmund

Illustrated notes

Levels and vault maps discovered:
D:1:      lemuel_arrival_tunnels, layout_loops_ring, minmay_crystal_room
D:2:      kennysheep_big_flooded_room, layout_basic, basic_altar, serial_shops,
          shop
D:3:      layout_rooms, mainiacjoe_overflow_concentric_impassable,
          minmay_bisected
D:4:      layout_loops_ring, kennysheep_orc_sif_temple
D:5:      layout_layer_cave, xom_redecorated, minmay_temple_entry_nine_rooms,
          dk_noncrumbling_4, minmay_misc_feat_nine_boxes, uniq_sigmund
D:6:      layout_basic, kennysheep_boxes, uniq_edmund
Temple:   hc_temple_tempest_star

Skill      XL: |  1  2  3  4  5  6  7 |
---------------+----------------------+-----
Fighting       | 1 2 3 4 |  4.0
Stealth        | 3 5 6 7 |  7.8
Axes           | 2 3 5 |  5.3
Polearms       | |  0.5
Dodging        | |  2.0
Spellcasting   | |  2.0
Conjurations   | |  1.0
Fire Magic     | |  3.0

Action                   |  1- 3 |  4- 6 |  7- 9 || total
-------------------------+-------+-------+-------++-------
Melee: Spear             |    96 |    94 |       ||   190
       Tentacles         |    16 |    42 |    17 ||    75
       Constrict         |    19 |    36 |    16 ||    71
       Punch             |     2 |     1 |       ||     3
       War axe           |       |    42 |    58 ||   100
Throw: Stone             |     6 |       |       ||     6
 Cast: Foxfire           |       |     6 |     1 ||     7
  Use: Scroll            |     6 |     8 |     2 ||    16
       Potion            |       |       |     1 ||     1
 Stab: Sleeping          |     9 |    16 |     3 ||    28
Armor: Skin              |    14 |     5 |     2 ||    21
Dodge: Dodged            |    56 |    78 |    35 ||   169
Block: Other             |     9 |    39 |    18 ||    66

Table legend: (Time is in decaauts)
 A = Elapsed time spent in this place.
 B = Non-inter-level travel time spent in this place.
 C = Inter-level travel time spent in this place.
 D = Time resting spent in this place.
 E = Time spent auto-exploring this place.
 F = Levels seen in this place.
 G = Mean time per level.
                   A        B        C        D        E       F      G
               +--------+--------+--------+--------+--------+-----+--------+
         Total |   7627 |   7484 |    143 |   1722 |   4858 |   7 | 1089.6 |
       Dungeon |   7349 |   7218 |    131 |   1722 |   4623 |   6 | 1224.8 |
        Temple |    277 |    265 |     12 |      0 |    235 |   1 |  277.0 |
               +--------+--------+--------+--------+--------+-----+--------+

Top non-repeatable levels by time:
     D:5: 1798 daAuts
     D:1: 1558 daAuts
     D:4: 1303 daAuts
     D:2: 1206 daAuts
     D:3: 862 daAuts
     D:6: 619 daAuts
  Temple: 277 daAuts

Table legend:
 A = Kills in this place as a percentage of kills in entire the game.
 B = Kills by you in this place as a percentage of kills by you in the entire game.
 C = Kills by friends in this place as a percentage of kills by friends in the entire game.
 D = Other kills in this place as a percentage of other kills in the entire game.
 E = Experience gained in this place as a percentage of experience gained in the entire game.
 F = Experience gained in this place divided by the number of levels of this place that you have seen.
                   A       B       C       D       E      F
               +-------+-------+-------+-------+-------+----------------------
         Total | 100.0 | 100.0 |   N/A |   N/A | 100.0 | 174.6
       Dungeon | 100.0 | 100.0 |   N/A |   N/A | 100.0 | 203.7
               +-------+-------+-------+-------+-------+----------------------
